AoeStats
← mukosdrum

Hideout

503551484Analyzed
3v3 RM · 1mo ago on Sep 1, 2026· 52m 46s· 6 players
Game mode
Random Map
Map size
Normal (6 player)
Population
200
Speed
Normal
Resources
Standard
Victory
Conquest
Starting age
Dark Age
Ending age
Imperial Age
RankedLock teamsTeams togetherTeam positionsShared explorationLock speedFull tech treeHidden civsTurbo modeCheats
Victory
Defeat
🇲🇽 Spanish · Mexico
988
+18
🇲🇽 Koreans · Mexico
968
+18
🇲🇽 Bulgarians · Mexico
949
+19
🇺🇸 Ethiopians · United States
1106
-22
🇺🇸 Khitans · United States
1104
-22
🇺🇸 Japanese · United States
856
-11
rodrigg2003
6:50 Loom
9:37 Feudal Age
13:30 Town Watch
17:21 Double-Bit Axe
22:41 Castle Age
21:54 Wheelbarrow
25:12 Hand Cart
25:05 Fletching
27:32 Horse Collar
28:36 Heavy Plow
30:25 Gold Mining
31:31 Bow Saw
35:31 Imperial Age
33:57 Fortified Wall
33:43 Bodkin Arrow
34:33 Gold Shaft Mining
33:51 Stone Mining
34:33 Town Patrol
34:05 Elite Skirmisher
35:35 Pikeman
36:16 Squires
36:44 Bracer
38:38 Chemistry
38:00 Ballistics
38:28 Heavy Rocket Cart
41:07 Two-Man Saw
40:00 Halberdier
40:41 Scale Mail Armor
40:52 Forging
44:30 Caravan
44:54 Eupseong
45:15 Conscription
45:16 Shinkichon
45:20 Chain Mail Armor
45:40 Iron Casting
46:24 Siege Engineers
46:06 Arrowslits
46:01 Treadmill Crane
46:32 Masonry
52:32 Crossbowman
53:17 Thumb Ring
Marcotangaloca
9:46 Feudal Age
12:07 Double-Bit Axe
15:42 Forging
17:47 Horse Collar
23:32 Castle Age
23:11 Stone Mining
23:49 Gold Mining
25:17 Pikeman
26:22 Bow Saw
26:13 Heavy Plow
27:08 Iron Casting
28:30 Gold Shaft Mining
28:31 Stone Shaft Mining
31:11 Wheelbarrow
34:30 Imperial Age
32:01 Fletching
31:59 Elite Skirmisher
32:58 Bodkin Arrow
33:36 Loom
34:07 Hand Cart
37:56 Padded Archer Armor
39:42 Leather Archer Armor
41:56 Bracer
42:44 Caravan
42:37 Elite Konnik
43:13 Stirrups
49:56 Chemistry
49:59 Blast Furnace
50:23 Scale Barding Armor
BlackOwl
7:29 Loom
10:28 Feudal Age
12:26 Double-Bit Axe
12:24 Horse Collar
12:39 Stone Mining
14:30 Gold Mining
17:48 Fletching
21:46 Castle Age
24:27 Bow Saw
24:28 Heavy Plow
26:27 Wheelbarrow
29:00 Hand Cart
32:36 Scale Barding Armor
35:25 Imperial Age
34:34 Bloodlines
34:24 Husbandry
35:00 Chain Barding Armor
35:05 Town Watch
36:02 Town Patrol
37:06 Two-Man Saw
36:47 Conscription
35:59 Capped Ram
37:41 Siege Ram
38:37 Caravan
38:41 Elite Conquistador
48:57 Plate Barding Armor
48:18 Bodkin Arrow
aRosebud
13:54 Feudal Age
16:45 Bloodlines
18:48 Castle Age
21:42 Horse Collar
22:09 Husbandry
21:34 Light Cavalry
23:42 Wheelbarrow
24:37 Stone Mining
24:38 Gold Mining
24:38 Double-Bit Axe
29:18 Heavy Plow
29:34 Bow Saw
31:34 Yasama
32:00 Thumb Ring
32:53 Forging
32:47 Padded Archer Armor
32:37 Fletching
32:49 Scale Mail Armor
33:16 Ballistics
32:52 Murder Holes
35:24 Fortified Wall
37:26 Iron Casting
37:07 Chain Mail Armor
37:43 Gold Shaft Mining
40:48 Imperial Age
42:32 Chemistry
42:24 Elite Samurai
43:41 Arrowslits
48:52 Parthian Tactics
51:15 Two-Man Saw
WillrowHood
10:51 Feudal Age
14:04 Double-Bit Axe
19:12 Fletching
19:58 Gold Mining
24:13 Castle Age
22:05 Loom
24:26 Castle Age
23:01 Domestication
25:34 Light Cavalry
27:57 Wheelbarrow
28:09 Padded Archer Armor
29:44 Bodkin Arrow
29:44 Crossbowman
32:45 Hand Cart
32:15 Town Watch
32:55 Leather Archer Armor
33:58 Stone Mining
35:49 Husbandry
35:57 Scale Barding Armor
36:43 Town Patrol
42:19 Heavy Cavalry Archer
44:51 Thumb Ring
mukosdrum
11:33 Feudal Age
16:36 Castle Age
19:11 Fletching
20:45 Crossbowman
21:55 Double-Bit Axe
24:21 Bow Saw
25:31 Loom
28:27 Imperial Age
26:16 Horse Collar
30:59 Bow Saw
30:57 Gold Mining
30:57 Stone Mining
32:54 Thumb Ring
34:25 Two-Man Saw
33:21 Loom
35:56 Arbalester
37:14 Bodkin Arrow
37:20 Padded Archer Armor
39:26 Wheelbarrow
41:29 Hand Cart
47:52 Light Cavalry
48:33 Husbandry
48:48 Hussar
50:13 Scale Barding Armor
50:18 Forging
Connection lost

Rejoining the realm…

Still unreachable

The connection could not be restored.

Session expired

The server has moved on; the page needs a fresh start.